 Dungeon Crawl Stone Soup version 0.30-a0-715-gdb4ae3ece1 (webtiles) character file.

Game seed: 8296154760872394717

1096 M4edhros the Spear-Bearer (level 8, -2/48 HPs)
             Began as an Octopode Artificer on Jan 24, 2023.
             Slain by a wolf zombie (4 damage)
             ... in a bailey.
             The game lasted 00:05:03 (3022 turns).

M4edhros the Spear-Bearer (Octopode Artificer)      Turns: 3022, Time: 00:05:04

Health: -2/48      AC:  1    Str: 12    XL:     8   Next: 31%
Magic:  8/8        EV: 13    Int: 17    God:
Gold:   31         SH:  0    Dex: 14    Spells: 5/7 levels left

rFire   . . .      SeeInvis +    h - +6 spear "Uprapiaj" {freeze, Int+4}
rCold   . . .      Faith    .    (no shield)
rNeg    . . .      Spirit   .    (helmet restricted)
rPois   .          Reflect  .    (no amulet)
rElec   .          Harm     .    f - ring of flight
rCorr   .          Rampage  .    j - ring of see invisible
Will    .....                    s - ring of wizardry
Stlth   +++                      (no ring)
HPRegen 0.28/turn                (no ring)
MPRegen 0.11/turn                (no ring)
                                 (no ring)
                                 (no ring)

@: flying
A: almost no armour, amphibious, 8 rings, camouflage 1, gelatinous body 1,
(nimble swimmer 1), tentacles
a: no special abilities


You were in a bailey.
You visited 1 branch of the dungeon, and saw 7 of its levels.
You also visited: Bailey.

You collected 127 gold pieces.
You spent 96 gold pieces at shops.

Inventory:

Hand Weapons
 h - the +6 spear "Uprapiaj" (weapon) {freeze, Int+4}
   (You found it on level 2 of the Dungeon)

   Int:       It affects your intelligence (+4).
 i - a +0 glaive of venom
Missiles
 p - 3 curare-tipped darts
 q - 2 javelins
Jewellery
 f - a ring of flight (left tentacle)
 j - a ring of see invisible (right tentacle)
 s - a ring of wizardry (on tentacle)
 t - a ring of willpower
Wands
 b - a wand of flame (5) (quivered)
 c - a wand of charming (9)
 d - a wand of iceblast (5)
 w - a wand of polymorph (6)
Scrolls
 a - 2 scrolls of teleportation {unknown}
 g - 5 scrolls of identify {unknown}
 k - a scroll of amnesia {unknown}
 l - a scroll of fear {unknown}
 m - a scroll of silence {unknown}
 n - a scroll of enchant armour {unknown}
 o - a scroll of blinking {unknown}
 r - a scroll of poison {unknown}


   Skills:
 - Level 1.0 Fighting
 * Level 9.1 Polearms
 - Level 2.3 Dodging
 - Level 1.3 Stealth
 - Level 2.4 Unarmed Combat
 - Level 3.2 Evocations


You had 5 spell levels left.
You knew the following spells:

 Your Spells              Type           Power      Damage    Failure   Level
a - Wereblood             Tmut           0%         N/A       14%         2

Your spell library contained the following spells:

 Spells                   Type           Power      Damage    Failure   Level
 Blink                    Tloc           0%         N/A       14%         2
 Lesser Beckoning         Tloc           0%         N/A       14%         2
 Momentum Strike          Conj/Tloc      0%         3d8       14%         2
 Sublimation of Blood     Necr           0%         N/A       14%         2
 Hailstorm                Conj/Ice       0%         3d3       26%         3
 Ice Form                 Ice/Tmut       0%         N/A       65%         4
 Simulacrum               Ice/Necr       0%         N/A       100%        6
 Summon Hydra             Summ           0%         N/A       100%        7


Dungeon Overview and Level Annotations

Branches:
Dungeon (7/15)             Bailey (1/1)
 Temple: D:4-7

Altars:
Fedhas
Hepliaklqana
Kikubaaqudgha
Makhleb
Qazlal
Ru
Sif Muna
Trog
Xom
The Shining One

Shops:
D:6 ((?*!


Innate Abilities, Weirdness & Mutations

You cannot wear most types of armour.
You are amphibious.
You can wear up to eight rings at the same time.
Your skin changes colour to match your surroundings (Stealth+).
Your rubbery body absorbs attacks. (AC +1, EV +1)
((You are camouflaged when in or above water. (Stealth+)))
You have tentacles for arms and can constrict up to eight enemies at once.


Message History

You puncture the wolf zombie!
You destroy the wolf zombie!
A wolf zombie is nearby!
A wolf zombie comes into view.
There are monsters nearby!
There are monsters nearby!
A wolf zombie comes into view.
There are monsters nearby!
You reach to attack!
The helpless wolf zombie fails to defend itself.
You hit the wolf zombie.
The wolf zombie is lightly damaged.
You hit the wolf zombie. Your grab misses the wolf zombie.
The wolf zombie is moderately damaged.
The wolf zombie misses you.
You puncture the wolf zombie! You grab the wolf zombie.
You squeeze the wolf zombie, but do no damage.
The wolf zombie is heavily damaged.
You constrict the wolf zombie. The wolf zombie bites you.
You release your grip on the wolf zombie.
A wolf zombie comes into view.
The wolf zombie bites you.
You hit the wolf zombie. You grab the wolf zombie.
The wolf zombie is severely damaged.
You constrict the wolf zombie. The wolf zombie bites you! x2
You release your grip on the wolf zombie.
The wolf zombie attacks as you move away!
The wolf zombie closely misses you. x3
You are too injured to fight recklessly!
You are too injured to fight recklessly!
You are too injured to fight recklessly!
You are too injured to fight recklessly!
The wolf zombie bites you.
* * * LOW HITPOINT WARNING * * *
The wolf zombie bites you!
* * * LOW HITPOINT WARNING * * *
The wolf zombie bites you.
* * * LOW HITPOINT WARNING * * *
The wolf zombie bites you.
You die...

♣≈≈.# ♣≈≈.+
♣≈≈.#####
♣≈≈.....####
♣≈≈........####
♣≈≈......88....
♣≈≈..........Z.
♣♣≈≈.ZZ.....8.8
♣≈≈≈@Z♣♣♣.....
♣♣≈≈≈♣♣ ♣♣..
♣♣≈≈♣ ♣ ♣♣♣♣


You could see 3 wolf zombies.

Vanquished Creatures
  A steam dragon (D:6)
  An ice beast (D:5)
  A phantom (D:7)
  A bullfrog (D:6)
  2 necrophages
  3 scorpions
  A wolf zombie (Bailey)
  3 hounds (D:6)
  A gnoll bouda (D:6)
  3 iguanas
  2 orc wizards
  9 gnolls
  3 adders (D:3)
  A white imp (D:7)
  An ufetubus (D:5)
  2 worms (D:4)
  2 dart slugs
  4 orcs (D:5)
  6 ball pythons
  5 bats
  4 endoplasms
  2 giant cockroaches
  5 goblins
  2 hobgoblins
  2 jackals (D:1)
  A frilled lizard (D:3)
  2 goblin skeletons (D:7)
  3 hobgoblin zombies (D:7)
  5 kobolds
  2 orc skeletons (D:7)
  An orc zombie (D:7)
  4 rats
85 creatures vanquished.

Vanquished Creatures (collateral kills)
  An orc wizard (D:3)
  An orc (D:3)
2 creatures vanquished.

Vanquished Creatures (others)
  17 fungi
17 creatures vanquished.

Grand Total: 104 creatures vanquished

Notes
Turn   | Place    | Note
-------+----------+-------------------------------------------
     0 | D:1      | M4edhros the Octopode Artificer began the quest for the
                  | Orb.
     0 | D:1      | Reached XP level 1. HP: 13/13 MP: 1/1
   100 | D:1      | Reached skill level 1 in Unarmed Combat
   222 | D:1      | Reached XP level 2. HP: 6/18 MP: 2/2
   472 | D:2      | Identified the +6 spear "Uprapiaj" {freeze, Int+4}
   608 | D:2      | Reached XP level 3. HP: 23/23 MP: 3/3
   697 | D:3      | Reached skill level 1 in Polearms
   711 | D:3      | Found a hazy altar of Hepliaklqana.
   762 | D:3      | Noticed a necrophage
   770 | D:3      | Killed a necrophage
   771 | D:3      | Reached skill level 3 in Polearms
   771 | D:3      | Reached XP level 4. HP: 28/28 MP: 4/4
   785 | D:3      | Reached XP level 5. HP: 33/33 MP: 5/5
   791 | D:3      | Reached skill level 4 in Polearms
   903 | D:3      | Found a faded altar of an unknown god.
   931 | D:3      | Found a burning altar of Makhleb.
  1097 | D:4      | Reached skill level 5 in Polearms
  1097 | D:4      | Reached XP level 6. HP: 30/38 MP: 6/6
  1101 | D:5      | Entered Level 5 of the Dungeon
  1208 | D:5      | Noticed an ice beast
  1215 | D:5      | Killed an ice beast
  1283 | D:5      | Reached skill level 6 in Polearms
  1347 | D:5      | Found a shimmering altar of Xom.
  1491 | D:5      | Found a stormy altar of Qazlal.
  1497 | D:5      | Reached XP level 7. HP: 43/43 MP: 7/7
  1611 | D:5      | Found a shimmering blue altar of Sif Muna.
  1705 | D:5      | Learned a level 2 spell: Wereblood
  1892 | D:6      | Found Lofupp's Distillery.
  1895 | D:6      | Bought a potion of lignification for 36 gold pieces
  1895 | D:6      | Bought a potion of heal wounds for 60 gold pieces
  1949 | D:6      | Found a sacrificial altar of Ru.
  2004 | D:6      | Found Ytealump's Magic Scroll Shop.
  2024 | D:6      | Found an ancient bone altar of Kikubaaqudgha.
  2037 | D:6      | Reached skill level 7 in Polearms
  2052 | D:6      | Found Cunikuph's Antique Weapon Shop.
  2109 | D:6      | Found Fickiodu's Weapon Shoppe.
  2121 | D:6      | Noticed a steam dragon
  2153 | D:6      | Found a bloodstained altar of Trog.
  2229 | D:6      | Killed a steam dragon
  2374 | D:6      | Found Qot Patt's Assorted Antiques.
  2393 | D:6      | Found a blossoming altar of Fedhas.
  2454 | D:6      | Reached skill level 8 in Polearms
  2470 | D:6      | Reached XP level 8. HP: 15/48 MP: 8/8
  2725 | D:7      | Found a flagged portal.
  2860 | D:7      | Found a glowing golden altar of the Shining One.
  2872 | D:7      | Reached skill level 9 in Polearms
  2918 | Bailey   | Entered a bailey
  3022 | Bailey   | HP: 2/48 [wolf zombie (4)]
  3022 | Bailey   | Slain by a wolf zombie

Illustrated notes

Levels and vault maps discovered:
D:1:      co_arrival_random_square_maze, layout_loops_corners
D:2:      layout_rooms, hangedman_decor_riveting, mrwooster_statue_mirror
D:3:      layout_rooms, mainiacjoe_overflow_chevrons,
          mainiacjoe_overflow_alcove_4, ebering_ecumenical_altar_webs,
          small_statue_intersection, minmay_misc_feat_ornament
D:4:      layout_rooms, general_overflow_altar
D:5:      nicolae_cairo_tiling_very_big, layout_basic, grunt_qazlal_sundering,
          overflow_temple_1_default, mainiacjoe_overflow_alcove_2
D:6:      layout_basic, kennysheep_mini, kennysheep_mini_moat,
          lemuel_tele_altar, mainiacjoe_overflow_cross_hatched, serial_shops,
          nicolae_shop_trees, nicolae_shop_statue_plus, nicolae_diamond_shop,
          nicolae_stop_n_shop_2, nicolae_shop_bloodbath_and_beyond
D:7:      layout_cave_pools, nicolae_tso_besieged_by_evil, lemuel_round_altar,
          kennysheep_little_box, minmay_temple_entry_grid, enter_bailey_2
Bailey:   bailey_polearm_vampire_castle_hellmonk, bailey

Skill      XL: |  1  2  3  4  5  6  7  8 |
---------------+-------------------------+-----
Unarmed Combat | 1 2 |  2.4
Polearms       | 3 5 6 8 9 |  9.1
Fighting       | |  1.0
Dodging        | |  2.3
Stealth        | |  1.3
Evocations     | |  3.2

Action                     |  1- 3 |  4- 6 |  7- 9 || total
---------------------------+-------+-------+-------++-------
  Melee: Unarmed           |    51 |       |       ||    51
         Constrict         |    19 |     8 |    18 ||    45
         Tentacles         |    15 |     6 |    11 ||    32
         Spear             |    25 |    49 |    94 ||   168
         Punch             |     1 |     1 |       ||     2
  Evoke: Wand              |       |     8 |     9 ||    17
    Use: Potion            |       |       |     4 ||     4
   Stab: Sleeping          |     4 |     5 |     5 ||    14
 Armour: Skin              |     8 |     3 |    38 ||    49
  Dodge: Dodged            |    54 |    13 |    32 ||    99

Table legend: (Time is in decaauts)
 A = Elapsed time spent in this place.
 B = Non-inter-level travel time spent in this place.
 C = Inter-level travel time spent in this place.
 D = Time resting spent in this place.
 E = Time spent auto-exploring this place.
 F = Levels seen in this place.
 G = Mean time per level.
                   A        B        C        D        E       F      G
               +--------+--------+--------+--------+--------+-----+--------+
         Total |   2972 |   2856 |    116 |    252 |   1924 |   8 |  371.5 |
       Dungeon |   2870 |   2754 |    116 |    252 |   1836 |   7 |  410.0 |
        Bailey |    101 |    101 |      0 |      0 |     88 |   1 |  101.0 |
               +--------+--------+--------+--------+--------+-----+--------+

Top non-repeatable levels by time:
     D:6: 911 daAuts
     D:5: 774 daAuts
     D:1: 420 daAuts
     D:3: 282 daAuts
     D:2: 272 daAuts
     D:4: 133 daAuts
  Bailey: 101 daAuts
     D:7: 76 daAuts
